 Dungeon Crawl Stone Soup version 0.26.0-10-g1f06aea511 (webtiles) character file.

Game seed: 8374841802053260878

156 Borgoz the Slasher (level 5, -1/42 HPs)
             Began as a Ghoul Gladiator on Jan 15, 2021.
             Slain by a gnoll sergeant
             ... wielding a +0 trident
              (5 damage)
             ... on level 2 of the Dungeon.
             The game lasted 00:03:22 (2528 turns).

Borgoz the Slasher (Ghoul Gladiator)                Turns: 2528, Time: 00:03:23

Health: -1/42      AC:  4    Str: 18    XL:     5   Next: 38%
Magic:  4/4        EV: 12    Int:  3    God:
Gold:   126        SH:  3    Dex: 11    Spells: 4/4 levels left

rFire    . . .     SeeInvis .   a - +0 long sword
rCold    + . .     Faith    .   i - +0 buckler
rNeg     + + +     Spirit   .   b - +0 leather armour
rPois    ∞         Reflect  .   c - +0 helmet
rElec    .         Harm     .   (no cloak)
rCorr    .         Rampage  .   (no gloves)
Will     .....                  (no boots)
Stlth    +.........             (no amulet)
HPRegen  0.00/turn              m - +4 ring of slaying
MPRegen  0.09/turn              (no ring)

@: no status effects
A: claws 1, cold resistance 1, negative energy resistance 3, inhibited
regeneration, torment resistance, unbreathing
a: no special abilities


You were on level 2 of the Dungeon.
You visited 1 branch of the dungeon, and saw 3 of its levels.

You collected 126 gold pieces.

Inventory:

Hand Weapons
 a - a +0 long sword (weapon)
Armour
 b - a +0 leather armour (worn)
 c - a +0 helmet (worn)
 i - a +0 buckler (worn)
Jewellery
 h - an uncursed ring of fire
 m - a +4 ring of slaying (left claw)
Scrolls
 e - a scroll of teleportation {unknown}
 f - 2 scrolls of identify
 k - 2 scrolls of fog {unknown}
 l - a scroll of remove curse {unknown}
 n - a scroll of amnesia {unknown}
Potions
 g - a potion of lignification {unknown}
 j - a potion of flight
 o - a potion of brilliance {unknown}


   Skills:
 + Level 2.7 Fighting
 * Level 3.6 Long Blades
 - Level 1.7 Throwing
 * Level 2.1 Armour
 * Level 3.5 Dodging
 + Level 1.1 Shields


You had 4 spell levels left.
You didn't know any spells.
Your spell library was empty.

Dungeon Overview and Level Annotations

Branches:
Dungeon (3/15)

Altars:


Innate Abilities, Weirdness & Mutations

You thrive by killing the living.
You are immune to poison.
You have sharp fingernails.
Your flesh is cold resistant. (rC+)
You are immune to negative energy. (rN+++)
You do not regenerate when monsters are visible.
You are immune to unholy pain and torment.
You can survive without breathing.


Message History

You throw a throwing net. The throwing net hits the gnoll.
The gnoll is caught in the net!
The gnoll sergeant struggles against the net.
The gnoll struggles against the net.
You hit the gnoll but do no damage.
The gnoll sergeant struggles against the net.
The gnoll struggles against the net.
The gnoll sergeant struggles against the net.
The net rips apart, and the gnoll sergeant comes free!
You hit the gnoll.
The gnoll is heavily wounded.
The gnoll struggles against the net.
The gnoll sergeant completely misses you.
You riposte.
You barely miss the gnoll sergeant.
The gnoll sergeant is moderately wounded.
You strike the helpless gnoll from behind!
You slash the gnoll!
You kill the gnoll!
The gnoll sergeant hits you with a +0 trident.
You die...

########### ##..........#
#.........## ###........#
#..........## ##...))...#
#...........#####.........######
#.................####.#####....
##....###....######........<..#..
#..######.............#.#######.#
..##..........###...............#
.....####..#....@g..##...########
#########..#...)..####.###
#...##..#...#....#..#
###...##......####...###
##.........#..## ##....#
#..#...###.#..######.##.##
.....................##..###
...........##..#########...#
....######.##..## ###.#####


You could see a gnoll sergeant.

Vanquished Creatures
  6 gnolls
  5 adders
  2 worms (D:2)
  A dart slug (D:2)
  2 leopard geckos
  An orc (D:3)
  4 giant cockroaches
  8 goblins
  9 hobgoblins
  5 bats
  2 frilled lizards
  7 kobolds
  5 rats
57 creatures vanquished.

Notes
Turn   | Place    | Note
-------+----------+-------------------------------------------
     0 | D:1      | Borgoz the Ghoul Gladiator began the quest for the Orb.
     0 | D:1      | Reached XP level 1. HP: 17/17 MP: 0/0
   249 | D:1      | You fall into a shaft and drop 1 floor!
   253 | D:2      | Reached XP level 2. HP: 23/24 MP: 1/1
   308 | D:2      | Reached skill level 1 in Armour
   308 | D:2      | Reached XP level 3. HP: 25/30 MP: 2/2
   839 | D:2      | Reached XP level 4. HP: 36/37 MP: 3/3
  1022 | D:2      | HP: 1/37 [gnoll/+0 flail (4)]
  1608 | D:2      | Reached skill level 1 in Shields
  1608 | D:2      | Reached XP level 5. HP: 32/42 MP: 4/4
  2528 | D:2      | Slain by a gnoll sergeant

Illustrated notes

Levels and vault maps discovered:
D:1:      dpeg_arrival_chambers_temple_mockup, layout_rooms, dk_noncrumbling_4
D:2:      layout_rooms
D:3:      layout_basic

Skill      XL: |  1  2  3  4  5 |
---------------+----------------+-----
Long Blades    | 3 |  3.6
Armour         | 1 2 |  2.1
Dodging        | 3 |  3.5
Shields        | 1 |  1.1
Fighting       | |  2.7
Throwing       | |  1.7

Action                   |  1- 3 |  4- 6 || total
-------------------------+-------+-------++-------
Melee: Long sword        |    85 |    87 ||   172
Throw: Throwing net      |       |     3 ||     3
  Use: Potion            |     3 |     1 ||     4
       Scroll            |       |     2 ||     2
 Stab: Held in net/web   |       |     2 ||     2
Armor: Leather armour    |    25 |    14 ||    39
Dodge: Dodged            |    61 |    61 ||   122
Block: Buckler           |     7 |    12 ||    19
       Rpst.: Long sword |    22 |    13 ||    35
